 Dungeon Crawl Stone Soup version 0.26.0-10-g1f06aea511 (webtiles) character file.

Game seed: 8956888401037642347

29278 nightchill the Geomancer (level 13, -3/80 HPs)
             Began as a Gargoyle Earth Elementalist on Feb 8, 2021.
             Was an Elder of Okawaru.
             Slain by a phantasmal warrior (24 damage)
             ... led by a death knight
             ... on level 10 of the Dungeon.
             The game lasted 01:04:33 (23347 turns).

nightchill the Geomancer (GrEE)                    Turns: 23347, Time: 01:04:34

Health: -3/80      AC: 19    Str: 17    XL:     13   Next: 44%
Magic:  23/25      EV: 13    Int: 24    God:    Okawaru [****..]
Gold:   1030       SH: 10    Dex:  6    Spells: 13/28 levels left

rFire    . . .     SeeInvis +   b - +8 whip of Wyrd {flame, Str+2 Int+2}
rCold    . . .     Faith    .   h - +0 buckler
rNeg     + . .     Spirit   .   O - +0 acid dragon scales
rPois    ∞         Reflect  +   z - +0 hat {SInv}
rElec    +         Harm     .   (no cloak)
rCorr    +         Rampage  .   N - +0 pair of gloves
Will     .....                  o - +0 pair of boots of Toba {+Blink rPois Int+4 Dex-4}
Stlth    +++.......             j - amulet of reflection
HPRegen  0.23/turn              q - ring of see invisible
MPRegen  0.19/turn              K - ring of resist corrosion

@: weak-willed, heroism, slowed, very slow
A: negative energy resistance 1, electricity resistance, unbreathing,
petrification resistance, miasma immunity, AC +9
a: Renounce Religion, Evoke Blink, Heroism


You were on level 10 of the Dungeon.
You worshipped Okawaru.
Okawaru was greatly pleased with you.
You visited 2 branches of the dungeon, and saw 15 of its levels.

You collected 1030 gold pieces.

Inventory:

Hand Weapons
 a - a +3 whip of venom
 b - the +8 whip of Wyrd (weapon) {flame, Str+2 Int+2}
   (You found it on level 1 of the Lair of Beasts)

   It has been specially enchanted to burn those struck by it, causing extra
   injury to most foes and up to half again as much damage against particularly
   susceptible opponents.
   It affects your strength (+2).
   It affects your intelligence (+2).
 E - a +0 vorpal dire flail
 M - the +3 dagger "Cuilen" {drain, Will+ Dex+4 Stlth+}
   (You took it off an orc on level 9 of the Dungeon)

   A truly terrible weapon, it drains the life of those it strikes.
   It affects your dexterity (+4).
   It affects your willpower, your defense against some magical effects.
   It makes you more stealthy.
Missiles
 l - 5 atropa-tipped darts
 A - 379 stones
Armour
 h - a +0 buckler (worn)
 o - the +0 pair of boots of Toba (worn) {+Blink rPois Int+4 Dex-4}
   (Okawaru gifted it to you on level 1 of the Lair of Beasts)

   It affects your intelligence (+4).
   It affects your dexterity (-4).
   It protects you from poison.
   It lets you blink.
 w - the +0 pair of boots "Woefec" {Str+2 Int-3 Dex+2}
   (You found it on level 4 of the Dungeon)

   It affects your strength (+2).
   It affects your intelligence (-3).
   It affects your dexterity (+2).
 z - a +0 hat of see invisible (worn)
 N - a +0 pair of gloves (worn)
 O - +0 acid dragon scales (worn)
 P - a +1 robe of cold resistance
Jewellery
 d - an uncursed ring of fire
 j - an amulet of reflection (around neck)
 q - a ring of see invisible (left hand)
 r - an uncursed ring of ice
 t - the ring of Daom {Wiz rC- Will+ Str+2}
   (You found it on level 4 of the Dungeon)

   [ring of wizardry]

   It improves your spell success rate.
   It affects your strength (+2).
   It makes you vulnerable to cold.
   It affects your willpower, your defense against some magical effects.
 K - a ring of resist corrosion (right hand)
Wands
 i - a wand of acid (23)
 B - a wand of enslavement (11)
 C - a wand of flame (8)
 I - a wand of paralysis (26)
Scrolls
 c - a scroll of vulnerability {unknown}
 e - 7 scrolls of identify
 k - 3 scrolls of amnesia
 m - a scroll of fog {unknown}
 s - 3 scrolls of magic mapping {unknown}
 u - 8 scrolls of remove curse
 v - a scroll of enchant armour {unknown}
 y - 4 scrolls of enchant weapon
 F - 3 scrolls of fear {unknown}
 G - 4 scrolls of teleportation {unknown}
 J - a scroll of noise {unknown}
 L - a scroll of blinking {unknown}
Potions
 f - 2 potions of resistance
 g - 6 potions of brilliance
 n - 7 potions of curing
 p - a potion of might
 x - 4 potions of flight
 D - 3 potions of attraction
 H - a potion of haste
Miscellaneous
 Q - a phantom mirror


   Skills:
 + Level 9.4(14.4) Fighting
 * Level 11.8(16.8) Maces & Flails
 - Level 1.5(6.5) Dodging
 - Level 2.1(7.1) Stealth
 - Level 4.0(9.0) Shields
 + Level 8.1 Spellcasting
 - Level 0.7 Transmutations
 + Level 12.5 Earth Magic
 * Level 11.0 Invocations


You had 13 spell levels left.
You knew the following spells:

 Your Spells              Type           Power        Failure   Level
a - Sandblast             Erth           100%         1%          1
b - Passwall              Tmut/Erth      34%          1%          2
c - Stone Arrow           Conj/Erth      78%          1%          3
d - Lee's Rapid Deconstr  Erth           31%          1%          5
e - Petrify               Tmut/Erth      41%          5%          4

Your spell library contained the following spells:

 Spells                   Type           Power        Failure   Level
 Animate Skeleton         Necr           18%          9%          1
 Apportation              Tloc           18%          9%          1
 Corona                   Hex            10%          9%          1
 Shock                    Conj/Air       36%          9%          1
 Summon Small Mammal      Summ           36%          9%          1
 Swiftness                Air            9%           13%         2
 Static Discharge         Conj/Air       9%           26%         3
 Airstrike                Air            4%           63%         4
 Irradiate                Conj/Tmut      5%           90%         5
 Lightning Bolt           Conj/Air       4%           93%         5
 Hydra Form               Tmut           6%           100%        6
 Dragon Form              Tmut           6%           100%        7
 Statue Form              Tmut/Erth      Unusable     N/A         6

Dungeon Overview and Level Annotations

Branches:
Dungeon (10/15)            Temple (0/1) D:5            Lair (5/6) D:8
 Shoals (0/4) Lair:4       Spider (0/4) Lair:2          Orc (0/2) D:9
  Slime: Lair:5-6

Altars:
Hepliaklqana
Nemelex Xobeh
Okawaru
Uskayaw
Yredelemnul

Shops:
D:8 :

Annotations:
D:9 exclusion: downstairs
Lair:1 !death by entrance, exclusions: door and 2 downstairs


Innate Abilities, Weirdness & Mutations

You are resistant to torment.
Your stone body is resilient. (AC +9)
You are immune to poison.
You resist negative energy. (rN+)
You are resistant to electric shocks. (rElec)
You can survive without breathing.
You are immune to petrification.
You are immune to miasma.


Message History

You whack the phantasmal warrior! You burn the phantasmal warrior.
The phantasmal warrior is moderately damaged.
The phantasmal warrior hits you but does no damage.
You hit the phantasmal warrior but do no damage.
The phantasmal warrior is moderately damaged.
The freezing wraith barely misses you. The freezing wraith hits you.
The freezing wraith drains your vigour!
You feel yourself slow down. The phantasmal warrior hits you!
Your willpower is stripped away!
You block the phantasmal warrior's attack.
The phantasmal warrior hits you!!
The freezing wraith closely misses you. x2
You block the phantasmal warrior's attack.
The phantasmal warrior blinks!
The freezing wraith hits you but does no damage.
The freezing wraith barely misses you.
The phantasmal warrior blinks!
You gain the combat prowess of a mighty hero.
The freezing wraith hits you. The freezing wraith freezes you!
* * * LOW HITPOINT WARNING * * *
The freezing wraith hits you but does no damage.
The phantasmal warrior hits you!!
You die...

#.........# ##.#####
#.........# #......#
########..# #......#
...######..###......####
#.....................#
...#####...............#
#W..............#
#W#.............#
#@#.............#
#W#......########
#####.#.#........#
#................#
####................#
...#................#
...######..#).......#
..........>#........#
###...#########........#


You could see a phantasmal warrior and 2 freezing wraiths.

Vanquished Creatures
  Fannar (D:10)
  3 hydras
  5 death yaks
  Urug (Lair:2)
  Pikel (D:5)
  A wolf spider (Lair:1)
  2 black mambas (Lair:2)
  Joseph (D:7)
  Maggie (D:9)
  2 rime drakes
  10 cane toads
  10 komodo dragons
  A troll (D:9)
  Prince Ribbit (D:6)
  Grinder (D:6)
  2 polar bears
  17 blink frogs
  A snapping turtle (Lair:4)
  2 redbacks (Lair:1)
  Eustachio (D:5)
  4 wyverns
  24 yaks
  2 basilisks
  2 wargs (D:9)
  10 water moccasins
  3 phantoms
  2 orc warriors
  2 ice beasts
  A sky beast (D:10)
  A necrophage (D:9)
  A black bear (Lair:1)
  5 ogres
  7 wolves
  5 centaurs
  A big kobold (D:10)
  13 bullfrogs
  A wyvern zombie (D:7)
  A water moccasin zombie (D:6)
  A wyvern skeleton (D:7)
  3 scorpions
  A jelly (D:9)
  3 wights (D:6)
  5 howler monkeys
  2 orc priests
  A hound (D:6)
  3 bullfrog skeletons
  Ijyb (D:5)
  7 orc wizards
  5 worker ants
  A hound zombie (D:6)
  2 hound skeletons
  2 worker ant zombies
  A howler monkey skeleton (D:4)
  8 adders
  A shadow imp (D:5)
  A white imp (D:6)
  An ufetubus (D:7)
  An ooze (D:1)
  2 adder skeletons
  A dart slug (D:2)
  8 leopard geckos
  27 orcs
  10 bats
  6 giant cockroaches
  7 goblins
  6 hobgoblins
  11 jackals
  8 quokkas
  2 ball pythons
  6 frilled lizards
  9 kobolds
  A quokka skeleton (D:6)
  10 rats
313 creatures vanquished.

Vanquished Creatures (others)
  15 fungi
  26 plants
41 creatures vanquished.

Grand Total: 354 creatures vanquished

Notes
Turn   | Place    | Note
-------+----------+-------------------------------------------
     0 | D:1      | nightchill the Gargoyle Earth Elementalist began the quest
                  | for the Orb.
     0 | D:1      | Reached XP level 1. HP: 10/10 MP: 3/3
   458 | D:1      | Reached skill level 4 in Earth Magic
   458 | D:1      | Reached XP level 2. HP: 16/16 MP: 5/5
   775 | D:1      | Reached skill level 1 in Fighting
  1611 | D:2      | Reached XP level 3. HP: 19/20 MP: 6/6
  2049 | D:2      | Reached skill level 1 in Maces & Flails
  2121 | D:2      | Reached XP level 4. HP: 19/25 MP: 7/7
  2988 | D:3      | Learned a level 2 spell: Passwall
  3066 | D:3      | Found a basalt altar of Yredelemnul.
  3540 | D:3      | Found a faded altar of an unknown god.
  3770 | D:4      | Reached XP level 5. HP: 30/30 MP: 8/8
  3778 | D:4      | Reached skill level 5 in Earth Magic
  3936 | D:4      | Noticed an ogre
  3964 | D:4      | Killed an ogre
  4096 | D:4      | Got a faintly glowing jade ring
  4280 | D:4      | Got a pair of distressingly furry boots
  4286 | D:4      | Identified the cursed +0 pair of boots "Woefec" {Str+2
                  | Int-3 Dex+2} (You found it on level 4 of the Dungeon)
  4302 | D:4      | Identified the ring of Daom {Wiz rC- Will+ Str+2} (You
                  | found it on level 4 of the Dungeon)
  4340 | D:4      | Reached XP level 6. HP: 33/36 MP: 10/10
  4551 | D:4      | Found an iron altar of Okawaru.
  4554 | D:4      | Noticed a phantom
  4615 | D:4      | Killed a phantom
  5222 | D:4      | Reached skill level 6 in Earth Magic
  5222 | D:4      | Reached XP level 7. HP: 21/41 MP: 9/11
  5627 | D:4      | Became a worshipper of Warmaster Okawaru
  5658 | D:5      | Entered Level 5 of the Dungeon
  5674 | D:5      | Noticed Pikel
  5691 | D:5      | Killed Pikel
  5691 | D:5      | Reached * piety under Okawaru
  5692 | D:5      | Reached skill level 7 in Earth Magic
  5692 | D:5      | Reached skill level 1 in Invocations
  5692 | D:5      | Reached XP level 8. HP: 48/48 MP: 11/13
  5899 | D:5      | Noticed Eustachio
  5925 | D:5      | Killed Eustachio
  6348 | D:5      | Noticed Ijyb
  6364 | D:5      | Killed Ijyb
  6365 | D:5      | Reached skill level 5 in Maces & Flails
  6463 | D:5      | Found a staircase to the Ecumenical Temple.
  6859 | D:5      | Found a hazy altar of Hepliaklqana.
  7197 | D:6      | Reached ** piety under Okawaru
  7374 | D:6      | Reached skill level 1 in Shields
  7374 | D:6      | Reached skill level 8 in Earth Magic
  7513 | D:6      | Learned a level 3 spell: Stone Arrow
  7542 | D:6      | Reached XP level 9. HP: 46/52 MP: 15/15
  7713 | D:6      | Noticed Grinder
  7728 | D:6      | Paralysed by Grinder for 2 turns
  7733 | D:6      | Killed Grinder
  7858 | D:6      | Found a sparkling altar of Nemelex Xobeh.
  8134 | D:6      | Noticed Prince Ribbit
  8149 | D:6      | Killed Prince Ribbit
  8149 | D:6      | Reached *** piety under Okawaru
  8200 | D:6      | Reached skill level 5 in Fighting
  8512 | D:7      | Noticed Joseph
  8537 | D:7      | Killed Joseph
  8538 | D:7      | Reached skill level 9 in Earth Magic
  9034 | D:7      | Reached skill level 5 in Spellcasting
  9347 | D:7      | Reached XP level 10. HP: 43/59 MP: 15/17
 10075 | D:8      | Found a hide-covered altar of Uskayaw.
 10135 | D:8      | Found a staircase to the Lair.
 10511 | D:8      | Found Diuthrof's Book Emporium.
 10902 | D:9      | Reached skill level 10 in Earth Magic
 11081 | D:9      | Reached **** piety under Okawaru
 11119 | D:9      | Reached skill level 5 in Invocations
 11560 | D:9      | Found a staircase to the Orcish Mines.
 11890 | D:9      | Identified the +3 dagger "Cuilen" {drain, Will+ Dex+4
                  | Stlth+}
 12303 | D:9      | Noticed Maggie
 12319 | D:9      | Killed Maggie
 12338 | D:9      | Learned a level 5 spell: Lee's Rapid Deconstruction
 12409 | D:9      | Learned a level 4 spell: Petrify
 12638 | Lair:1   | Entered Level 1 of the Lair of Beasts
 12811 | Lair:1   | Reached XP level 11. HP: 62/66 MP: 18/20
 12813 | Lair:1   | Found a runed translucent door.
 13051 | Lair:1   | Noticed a five-headed hydra
 13065 | Lair:1   | Killed a five-headed hydra
 13182 | Lair:1   | Reached ***** piety under Okawaru
 13722 | Lair:1   | Reached skill level 11 in Earth Magic
 13977 | Lair:1   | Received a gift from Okawaru
 13980 | Lair:1   | Got a pair of warped boots {god gift}
 14195 | Lair:1   | Identified the +0 pair of boots of Toba {+Blink rPois Int+4
                  | Dex-4} (Okawaru gifted it to you on level 1 of the Lair of
                  | Beasts)
 14724 | Lair:1   | Noticed a wolf spider
 14742 | Lair:1   | Killed a wolf spider
 14758 | Lair:1   | Got a brightly glowing whip
 14839 | Lair:1   | Identified the +8 whip of Wyrd {flame, Str+2 Int+2} (You
                  | found it on level 1 of the Lair of Beasts)
 16057 | Lair:2   | Reached skill level 10 in Maces & Flails
 16069 | Lair:2   | Reached XP level 12. HP: 70/73 MP: 3/22
 16220 | Lair:2   | Noticed a death yak
 16220 | Lair:2   | Noticed a death yak
 16319 | Lair:1   | Killed a death yak
 16489 | Lair:2   | Noticed a seven-headed hydra
 16726 | Lair:2   | Noticed Urug
 16767 | Lair:2   | Killed Urug
 17058 | Lair:2   | Killed a seven-headed hydra
 17194 | Lair:2   | Found a hole to the Spider Nest.
 17530 | Lair:2   | Noticed a death yak
 17533 | Lair:2   | Noticed a death yak
 17831 | Lair:1   | HP: 3/74 [death yak (21)]
 17833 | Lair:1   | Killed a death yak
 18103 | D:8      | Killed a death yak
 18183 | D:10     | Entered Level 10 of the Dungeon
 18288 | Lair:2   | Killed a death yak
 18856 | Lair:3   | Reached skill level 12 in Earth Magic
 19059 | Lair:3   | Noticed a seven-headed hydra
 19081 | Lair:3   | Killed a seven-headed hydra
 19384 | Lair:2   | Noticed a death yak
 19545 | Lair:2   | Killed a death yak
 19546 | Lair:2   | Reached skill level 10 in Invocations
 19850 | Lair:3   | You fall into a shaft and drop 2 floors!
 19863 | Lair:5   | Reached XP level 13. HP: 21/80 MP: 24/24
 20413 | Lair:5   | Received a gift from Okawaru
 22131 | Lair:4   | Found a staircase to the Shoals.
 22838 | D:10     | Noticed Fannar
 23222 | D:10     | Killed Fannar
 23347 | D:10     | Slain by a phantasmal warrior

Illustrated notes

Levels and vault maps discovered:
D:1:      lightli_arrival_windingriver, layout_basic
D:2:      layout_rooms
D:3:      layout_loops_ring, chequers_ecumenical_altar_island,
          amcnicky_altar_gilded
D:4:      layout_basic, eino_curves_04, okawaru_metal_pillars_3
D:5:      layout_basic, nzn_hepliaklqana_mist_gate,
          minmay_temple_entry_water_ring, uniq_ijyb, uniq_eustachio, uniq_pikel
D:6:      layout_basic, nemelex_spade_bored_becter, uniq_prince_ribbit1,
          uniq_grinder
D:7:      layout_gridville, uniq_joseph
D:8:      layout_rooms, lair_entry_dummy, basic_altar, serial_shops, shop
D:9:      layout_basic, erik_orc_4, minmay_lizard_king, uniq_maggie
D:10:     minmay_general_purpose_star, layout_basic, uniq_fannar, uniq_psyche
Lair:1:   gammafunk_indiana_jones, layout_regular_city
Lair:2:   layout_cellular_growth, spider_nest_entry_webs,
          nicolae_volcano_entry_two_sided, uniq_urug
Lair:3:   layout_chaotic_city
Lair:4:   layout_small_grid, minmay_shoals_entry_hut
Lair:5:   layout_loops_ring, slime_altar_2, bobbens_ice_dragon_lair,
          grunt_megastairs_5, infiniplex_staircase_pool_2,
          minmay_lair_oklob_chamber

Skill      XL: |  1  2  3  4  5  6  7  8  9 10 11 12 13 |
---------------+----------------------------------------+-----
Earth Magic    | 4 5 6 7 8 9 10 11 12 | 12.5
Fighting       | 1 2 3 4 5 6 7 8 9 |  9.4
Maces & Flails | 1 2 3 4 5 7 8 10 11 | 11.8
Spellcasting   | 3 4 5 6 7 8 |  8.1
Invocations    | 1 3 4 5 8 10 11 | 11.0
Shields        | 1 4 |  4.0
Dodging        | |  1.5
Stealth        | |  2.1
Transmutations | |  0.7

Action                   |  1- 3 |  4- 6 |  7- 9 | 10-12 | 13-15 || total
-------------------------+-------+-------+-------+-------+-------++-------
Melee: Short sword       |   193 |   135 |       |       |       ||   328
       Unarmed           |     8 |       |       |       |       ||     8
       Whip              |       |    98 |   364 |   989 |   348 ||  1799
       Punch             |       |       |     2 |       |       ||     2
 Cast: Sandblast         |     6 |     8 |    16 |     2 |       ||    32
       Stone Arrow       |       |       |     1 |    72 |     5 ||    78
       Lee's Rapid Decon |       |       |       |     8 |       ||     8
       Petrify           |       |       |       |     8 |     6 ||    14
Invok: Heroism           |       |       |     8 |    23 |    11 ||    42
       Finesse           |       |       |       |     2 |     1 ||     3
Evoke: Wand              |       |       |       |     1 |       ||     1
  Use: Scroll            |     2 |     3 |       |     9 |     4 ||    18
       Potion            |       |       |       |     2 |       ||     2
 Stab: Sleeping          |     3 |     6 |     2 |     1 |       ||    12
       Distracted        |       |       |       |     1 |       ||     1
       Petrified         |       |       |       |    17 |    12 ||    29
       Petrifying        |       |       |       |       |     2 ||     2
Armor: Robe              |    69 |    99 |    75 |    70 |       ||   313
       Acid dragon scale |       |       |       |   157 |    56 ||   213
Dodge: Dodged            |   159 |   185 |   125 |   246 |    79 ||   794
Block: Other             |       |     5 |    11 |       |       ||    16
       Buckler           |       |       |    85 |   317 |    84 ||   486
       Reflection        |       |       |     5 |    16 |       ||    21
